 Dungeon Crawl Stone Soup version 0.21.0-3-g78d12a8 (webtiles) character file.

121 komo4ek the Slasher (level 4, -1/34 HPs)
             Began as a Demonspawn Gladiator on Jan 8, 2018.
             Slain by a gnoll
             ... wielding a +0 spear
              (6 damage)
             ... on level 2 of the Dungeon.
             The game lasted 00:03:36 (1737 turns).

komo4ek the Slasher (Demonspawn Gladiator)          Turns: 1737, Time: 00:03:37

Health: -1/34      AC:  6    Str: 16    XL:     4   Next: 76%
Magic:  4/4        EV: 12    Int:  4    God:
Gold:   68         SH:  0    Dex: 14    Spells: 3/3 levels left

rFire    . . .     SeeInvis .   a - +0 long sword
rCold    . . .     Gourm    .   (no shield)
rNeg     . . .     Faith    .   o - +0 ring mail
rPois    .         Spirit   .   c - +0 helmet
rElec    .         Reflect  .   (no cloak)
rCorr    .         Harm     .   (no gloves)
MR       .....                  (no boots)
Stlth    ..........             (no amulet)
HPRegen  0.11/turn              e - -5 ring of intelligence (curse)
MPRegen  0.09/turn              (no ring)

@: berserk cooldown, slowed, very slow
A: hooves 1
a: no special abilities


You were on level 2 of the Dungeon.
You were not hungry.

You visited 1 branch of the dungeon, and saw 2 of its levels.

You collected 68 gold pieces.

Inventory:

Hand Weapons
 a - a +0 long sword (weapon)
Missiles
 d - 5 throwing nets (quivered)
Armour
 b - a +0 leather armour
 c - a +0 helmet (worn)
 o - a +0 ring mail (worn)
Jewellery
 e - a cursed -5 ring of intelligence (left hand)
Scrolls
 g - a scroll of immolation {unknown}
 h - a scroll of blinking {unknown}
 j - a scroll of teleportation {unknown}
 k - 2 scrolls of amnesia {unknown}
 l - a scroll of identify {unknown}
 n - a scroll of fear {unknown}
Potions
 i - a potion of resistance
Comestibles
 f - 3 rations


   Skills:
 + Level 2.8 Fighting
 * Level 3.8 Long Blades
 - Level 1.7 Throwing
 + Level 1.6 Armour
 + Level 3.2 Dodging


You had 3 spell levels left.
You didn't know any spells.

Dungeon Overview and Level Annotations

Branches:
Dungeon (2/15)

Altars:


Innate Abilities, Weirdness & Mutations

You have large cloven feet.


Message History

You see here a halberd.
The gnoll hits you from afar with a spear.
* * * LOW HITPOINT WARNING * * *
Items here: ))) [ a whip; a club x2; a leather armour You are too injured to fight recklessly!
You are too injured to fight recklessly!
You are too injured to fight recklessly!
You are too injured to fight recklessly!
The gnoll hits you but does no damage.
You see here a halberd.
You hit the gnoll.
The gnoll is lightly wounded.
The gnoll hits you with a spear.
* * * LOW HITPOINT WARNING * * *
The gnoll hits you but does no damage.
You completely miss the gnoll. Your kick misses the gnoll.
The gnoll is lightly wounded.
The gnoll completely misses you. The gnoll hits you with a spear.
You die...

#..# #.....# #..#
##.###.####
#.####..########.........#
#.................###.##.#
#######.g# ######.##
#†##.. .........# #.#
#.#### ########.#
##.####.##
#.#######...##...###
#.g@).......##.#....
#########...##...###
##########


You could see a gnoll.

Vanquished Creatures
  A gnoll shaman (D:2)
  3 gnolls (D:2)
  2 adders (D:2)
  A shadow imp (D:2)
  A worm (D:2)
  2 leopard geckos
  5 goblins
  5 hobgoblins
  A quokka (D:2)
  6 bats
  3 frilled lizards
  2 giant cockroaches
  2 kobolds (D:2)
  6 rats
40 creatures vanquished.

Notes
Turn   | Place    | Note
-------+----------+-------------------------------------------
     0 | D:1      | komo4ek the Demonspawn Gladiator began the quest for the Orb.
     0 | D:1      | Reached XP level 1. HP: 16/16 MP: 1/1
   338 | D:1      | Gained mutation: You have large cloven feet. [demonic ancestry]
   338 | D:1      | Reached XP level 2. HP: 20/22 MP: 2/2
   932 | D:2      | Reached XP level 3. HP: 14/28 MP: 3/3
   937 | D:2      | Reached skill level 1 in Armour
  1066 | D:2      | Found a faded altar of an unknown god.
  1707 | D:2      | Reached XP level 4. HP: 8/34 MP: 4/4
  1737 | D:2      | Slain by a gnoll

Skill      XL: |  1  2  3 |
---------------+----------+-----
Long Blades    | 3 |  3.8
Armour         | 1 |  1.6
Dodging        | 3 |  3.2
Fighting       | |  2.8
Throwing       | |  1.7

Action                   |  1- 3 |  4- 6 || total
-------------------------+-------+-------++-------
Melee: Long sword        |   108 |     6 ||   114
       Kick              |    21 |     3 ||    24
  Use: Potion            |     1 |     1 ||     2
  Eat: Ration            |     1 |       ||     1
Armor: Leather armour    |    28 |       ||    28
       Ring mail         |     1 |     3 ||     4
Dodge: Dodged            |    70 |     5 ||    75
       Rpst.: Long sword |    16 |     2 ||    18
